TOP OF THE 1ST |
Detroit Dirty Snow batting - Pitching for Athens Assassins : LHP Desi Wells
|
Pitching: LHP Desi Wells
|
|
Batting: RHB Phil Wright
|
0-0: Hit by Pitch
|
Batting: RHB Cristo Souza
|
0-0: Ball 1-0: Foul Ball, location: 2F 1-1: Foul Ball, location: 2F 1-2: Foul Ball, location: 2F 1-2: Strikes out swinging
|
Batting: LHB Eric Powell
|
0-0: Ball 1-0: Ball 2-0: Called Strike 2-1: Called Strike 2-2: Strikes out swinging
|
Batting: RHB Carlos Rocha
|
0-0: Ball 1-0: Fielders Choice at 2nd, 6-4 (Groundball, 6)
|
Top of the 1st over - 0 run(s), 0 hit(s), 0 error(s), 0 left on base; Detroit 0 - Athens 0 |
BOTTOM OF THE 1ST |
Athens Assassins batting - Pitching for Detroit Dirty Snow : RHP John Kelly
|
Pitching: RHP John Kelly
|
|
Batting: LHB Milo Glenn
|
0-0: Called Strike 0-1: Ball 1-1: Ball 2-1: Called Strike 2-2: Ball 3-2: Foul Ball, location: 2F 3-2: Strikes out looking
|
Batting: RHB Alexander Barr
|
0-0: Swinging Strike 0-1: Foul Ball, location: 2F 0-2: Foul Ball, location: 2F 0-2: Strikes out looking
|
Batting: RHB Roderick Silva
|
0-0: Ball 1-0: Ball 2-0: Ball 3-0: Base on Balls
|
Batting: RHB Foster Hapgood
|
0-0: Called Strike 0-1: Ball 1-1: Ball 2-1: Fielders Choice at 2nd, 4-6 (Groundball, 4)
|
Bottom of the 1st over - 0 run(s), 0 hit(s), 0 error(s), 0 left on base; Detroit 0 - Athens 0 |
TOP OF THE 2ND |
Detroit Dirty Snow batting - Pitching for Athens Assassins : LHP Desi Wells
|
Batting: RHB Arturo Jiménez
|
0-0: Foul Ball, location: 2F 0-1: Foul Ball, location: 2F 0-2: Ball 1-2: Foul Ball, location: 2F 1-2: SOLO HOME RUN (Line Drive, 78XD), Distance : 382 ft
|
Batting: RHB Charlie O'Farrell
|
0-0: Ball 1-0: Ball 2-0: Swinging Strike 2-1: Swinging Strike 2-2: Ball 3-2: Base on Balls
|
Batting: SHB Alan Garland
|
0-0: Ball 1-0: Called Strike 1-1: Fly out, F9 (Flyball, 89M)
|
Batting: SHB Cristián López
|
0-0: Ball 1-0: Ball 2-0: Ball 3-0: Called Strike 3-1: Base on Balls Charlie O'Farrell to second
|
Batting: RHB Carlos Salas
|
0-0: Called Strike 0-1: Called Strike 0-2: SINGLE (Groundball, 6MD) Charlie O'Farrell to third Cristián López to second
|
Batting: RHB Phil Wright
|
0-0: Ball 1-0: SINGLE (Flyball, 89S) Charlie O'Farrell scores Cristián López to third Carlos Salas to second Runner from 3rd tries for Home, SAFE, throw made home Carlos Salas to third Phil Wright to second
|
Batting: RHB Cristo Souza
|
0-0: Ball 1-0: Swinging Strike 1-1: Swinging Strike 1-2: Fly out, F8 (Flyball, 8LD) Runner from 3rd tags up, SCORES, no throw
|
Batting: LHB Eric Powell
|
0-0: Called Strike 0-1: Ball 1-1: Ball 2-1: Called Strike 2-2: Ball 3-2: Base on Balls
|
Batting: RHB Carlos Rocha
|
0-0: Fly out, F3 (Popup, 3L)
|
Top of the 2nd over - 4 run(s), 3 hit(s), 0 error(s), 2 left on base; Detroit 4 - Athens 0 |
BOTTOM OF THE 2ND |
Athens Assassins batting - Pitching for Detroit Dirty Snow : RHP John Kelly
|
Batting: RHB Randall Walker
|
0-0: Swinging Strike 0-1: Foul Ball, location: 2F 0-2: Strikes out swinging
|
Batting: RHB Fred Hubbard
|
0-0: Ball 1-0: Ball 2-0: Foul Ball, location: 2F 2-1: Ground out 5-3 (Groundball, 56S)
|
Batting: RHB Emílio García
|
0-0: Foul Ball, location: 2F 0-1: Ball 1-1: Fly out, F8 (Flyball, 8LM)
|
Bottom of the 2nd over - 0 run(s), 0 hit(s), 0 error(s), 0 left on base; Detroit 4 - Athens 0 |
TOP OF THE 3RD |
Detroit Dirty Snow batting - Pitching for Athens Assassins : LHP Desi Wells
|
Batting: RHB Arturo Jiménez
|
0-0: Ball 1-0: Ball 2-0: Ball 3-0: Called Strike 3-1: Foul Ball, location: 2F 3-2: Base on Balls
|
Batting: RHB Charlie O'Farrell
|
0-0: Foul Ball, location: 2F 0-1: Ball 1-1: Ball 2-1: Foul Ball, location: 2F 2-2: Strikes out swinging
|
Batting: SHB Alan Garland
|
0-0: Called Strike 0-1: Foul Ball, location: 2F 0-2: Ball 1-2: Grounds into double play, 6-4-3 (Groundball, 6)
|
Top of the 3rd over - 0 run(s), 0 hit(s), 0 error(s), 0 left on base; Detroit 4 - Athens 0 |
BOTTOM OF THE 3RD |
Athens Assassins batting - Pitching for Detroit Dirty Snow : RHP John Kelly
|
Batting: RHB Rob Turner
|
0-0: Foul Ball, location: 2F 0-1: Foul Ball, location: 2F 0-2: Ball 1-2: Fly out, F9 (Flyball, 89S)
|
Batting: RHB James Anderson
|
0-0: Ground out 5-3 (Groundball, 56)
|
Batting: LHB Milo Glenn
|
0-0: Called Strike 0-1: Called Strike 0-2: Ball 1-2: Ball 2-2: Ground out 4-3 (Groundball, 4)
|
Bottom of the 3rd over - 0 run(s), 0 hit(s), 0 error(s), 0 left on base; Detroit 4 - Athens 0 |
TOP OF THE 4TH |
Detroit Dirty Snow batting - Pitching for Athens Assassins : LHP Desi Wells
|
Batting: SHB Cristián López
|
0-0: Ball 1-0: Fly out, F9 (Flyball, 9S)
|
Batting: RHB Carlos Salas
|
0-0: Ball 1-0: Ball 2-0: Foul Ball, location: 2F 2-1: Called Strike 2-2: Fly out, F8 (Line Drive, 8LD)
|
Batting: RHB Phil Wright
|
0-0: Called Strike 0-1: DOUBLE (Line Drive, 8RD)
|
Batting: RHB Cristo Souza
|
0-0: Called Strike 0-1: Swinging Strike 0-2: Ball 1-2: Ball 2-2: Ball 3-2: Base on Balls
|
Batting: LHB Eric Powell
|
0-0: Ball 1-0: Swinging Strike 1-1: Foul Ball, location: 2F 1-2: Strikes out swinging
|
Top of the 4th over - 0 run(s), 1 hit(s), 0 error(s), 2 left on base; Detroit 4 - Athens 0 |
BOTTOM OF THE 4TH |
Athens Assassins batting - Pitching for Detroit Dirty Snow : RHP John Kelly
|
Batting: RHB Alexander Barr
|
0-0: Swinging Strike 0-1: Ball 1-1: Foul Ball, location: 2F 1-2: Foul Ball, location: 2F 1-2: Foul Ball, location: 2F 1-2: Strikes out looking
|
Batting: RHB Roderick Silva
|
0-0: Called Strike 0-1: Swinging Strike 0-2: Strikes out swinging
|
Batting: RHB Foster Hapgood
|
0-0: Called Strike 0-1: Ball 1-1: Fly out, F8 (Flyball, 89D)
|
Bottom of the 4th over - 0 run(s), 0 hit(s), 0 error(s), 0 left on base; Detroit 4 - Athens 0 |
TOP OF THE 5TH |
Detroit Dirty Snow batting - Pitching for Athens Assassins : LHP Desi Wells
|
Batting: RHB Carlos Rocha
|
0-0: Called Strike 0-1: Called Strike 0-2: Ground out 1-3 (Groundball, P)
|
Pitching: RHP Cisco López
|
|
Batting: RHB Arturo Jiménez
|
0-0: Ball 1-0: Ball 2-0: Foul Ball, location: 2F 2-1: Foul Ball, location: 2F 2-2: Ground out 4-3 (Groundball, 4)
|
Batting: RHB Charlie O'Farrell
|
0-0: Ball 1-0: Ball 2-0: Foul Ball, location: 2F 2-1: Ball 3-1: Swinging Strike 3-2: Base on Balls
|
Batting: SHB Alan Garland
|
0-0: Swinging Strike 0-1: Ball 1-1: SINGLE (Line Drive, 9LS) Charlie O'Farrell to second
|
Batting: SHB Cristián López
|
0-0: DOUBLE (Line Drive, 9LM) Charlie O'Farrell scores Alan Garland to third Runner from 3rd tries for Home, SAFE, no throw
|
Batting: RHB Carlos Salas
|
0-0: Ball 1-0: SINGLE (Flyball, 7S) Cristián López to third Runner from 3rd tries for Home, SAFE, no throw
|
Batting: RHB Phil Wright
|
Balk! Carlos Salas to second 0-0: Ball 1-0: Called Strike 1-1: SINGLE (Flyball, 9S) Carlos Salas to third Runner from 3rd tries for Home, throw and OUT!
|
Top of the 5th over - 3 run(s), 4 hit(s), 0 error(s), 1 left on base; Detroit 7 - Athens 0 |
BOTTOM OF THE 5TH |
Athens Assassins batting - Pitching for Detroit Dirty Snow : RHP John Kelly
|
Batting: RHB Randall Walker
|
0-0: Called Strike 0-1: Called Strike 0-2: Ball 1-2: Fly out, F8 (Flyball, 8LD)
|
Batting: RHB Fred Hubbard
|
0-0: DOUBLE (Line Drive, 9LM)
|
Batting: RHB Emílio García
|
0-0: Fly out, F8 (Line Drive, 8RM) Runner from 2nd tags up, SAFE at 3rd with throw
|
Batting: RHB Rob Turner
|
0-0: Called Strike 0-1: Fly out, F4 (Popup, 34)
|
Bottom of the 5th over - 0 run(s), 1 hit(s), 0 error(s), 1 left on base; Detroit 7 - Athens 0 |
TOP OF THE 6TH |
Detroit Dirty Snow batting - Pitching for Athens Assassins : RHP Cisco López
|
Batting: RHB Cristo Souza
|
0-0: Ball 1-0: Called Strike 1-1: Foul Ball, location: 2F 1-2: Strikes out looking
|
Batting: LHB Eric Powell
|
0-0: Called Strike 0-1: Ball 1-1: Fly out, F9 (Flyball, 89M)
|
Batting: RHB Carlos Rocha
|
0-0: Swinging Strike 0-1: Swinging Strike 0-2: Strikes out swinging
|
Top of the 6th over - 0 run(s), 0 hit(s), 0 error(s), 0 left on base; Detroit 7 - Athens 0 |
BOTTOM OF THE 6TH |
Athens Assassins batting - Pitching for Detroit Dirty Snow : RHP John Kelly
|
Batting: RHB James Anderson
|
0-0: Ball 1-0: SINGLE (Line Drive, 4MD)
|
Batting: LHB Milo Glenn
|
0-0: Ball 1-0: SINGLE (Flyball, 8LS) James Anderson to second
|
Batting: RHB Alexander Barr
|
0-0: Ball 1-0: Ball Wild Pitch! James Anderson to third Milo Glenn to second 2-0: Called Strike 2-1: Called Strike 2-2: Ball 3-2: Strikes out swinging
|
Batting: RHB Roderick Silva
|
0-0: Ball 1-0: Foul Ball, location: 2F 1-1: Ball 2-1: Ball 3-1: Base on Balls
|
Batting: RHB Foster Hapgood
|
0-0: Ball 1-0: Swinging Strike 1-1: Grounds into double play, 4-6-3 (Groundball, 4)
|
Bottom of the 6th over - 0 run(s), 2 hit(s), 0 error(s), 2 left on base; Detroit 7 - Athens 0 |
TOP OF THE 7TH |
Detroit Dirty Snow batting - Pitching for Athens Assassins : RHP Cisco López
|
Batting: RHB Arturo Jiménez
|
0-0: Foul Ball, location: 2F 0-1: Fly out, F4 (Popup, 4MD)
|
Batting: RHB Charlie O'Farrell
|
0-0: Called Strike 0-1: Ball 1-1: Called Strike 1-2: Ground out 6-3 (Groundball, 6)
|
Batting: SHB Alan Garland
|
0-0: Fly out, F8 (Flyball, 78D)
|
Top of the 7th over - 0 run(s), 0 hit(s), 0 error(s), 0 left on base; Detroit 7 - Athens 0 |
BOTTOM OF THE 7TH |
Athens Assassins batting - Pitching for Detroit Dirty Snow : RHP John Kelly
|
Batting: RHB Randall Walker
|
0-0: Called Strike 0-1: Ball 1-1: Ball 2-1: Foul Ball, location: 2F 2-2: Ball 3-2: Strikes out swinging
|
Batting: RHB Fred Hubbard
|
0-0: Foul Ball, location: 2F 0-1: Ball 1-1: Swinging Strike 1-2: Fly out, F8 (Flyball, 8RM)
|
Batting: RHB Emílio García
|
0-0: Swinging Strike 0-1: Fly out, F2 (Popup, 15)
|
Bottom of the 7th over - 0 run(s), 0 hit(s), 0 error(s), 0 left on base; Detroit 7 - Athens 0 |
TOP OF THE 8TH |
Detroit Dirty Snow batting - Pitching for Athens Assassins : RHP Cisco López
|
Batting: SHB Cristián López
|
0-0: Foul Ball, location: 2F 0-1: Ball 1-1: Foul Ball, location: 2F 1-2: Ball 2-2: SOLO HOME RUN (Flyball, 89XD), Distance : 411 ft
|
Pitching: RHP José Arévalo
|
|
Batting: RHB Carlos Salas
|
0-0: Ball 1-0: Ball 2-0: Ball 3-0: Base on Balls
|
Batting: RHB Phil Wright
|
0-0: Foul Ball, location: 2F 0-1: Called Strike 0-2: Ball Carlos Salas is caught stealing 2nd base 1-2: Foul Ball, location: 2F 1-2: Foul Ball, location: 2F 1-2: Ball 2-2: Foul Ball, location: 2F 2-2: Ball 3-2: Strikes out swinging
|
Batting: RHB Cristo Souza
|
0-0: Foul Ball, location: 2F 0-1: Hit by Pitch
|
Batting: LHB Eric Powell
|
0-0: Ground out 3-1 (Groundball, 34S)
|
Top of the 8th over - 1 run(s), 1 hit(s), 0 error(s), 1 left on base; Detroit 8 - Athens 0 |
BOTTOM OF THE 8TH |
Athens Assassins batting - Pitching for Detroit Dirty Snow : RHP John Kelly
|
Pitching: RHP Fernando Barrón
|
|
Batting: RHB Rob Turner
|
0-0: Ball 1-0: Swinging Strike 1-1: Ball 2-1: Ball 3-1: Foul Ball, location: 2F 3-2: Strikes out swinging
|
Batting: RHB James Anderson
|
0-0: Swinging Strike 0-1: Foul Ball, location: 2F 0-2: Foul Ball, location: 2F 0-2: Ball 1-2: Ball 2-2: Foul Ball, location: 2F 2-2: Ground out 5-3 (Groundball, 5)
|
Batting: LHB Milo Glenn
|
0-0: Ball 1-0: Ball 2-0: Fly out, F7 (Flyball, 78S)
|
Bottom of the 8th over - 0 run(s), 0 hit(s), 0 error(s), 0 left on base; Detroit 8 - Athens 0 |
TOP OF THE 9TH |
Detroit Dirty Snow batting - Pitching for Athens Assassins : RHP José Arévalo
|
Batting: RHB Carlos Rocha
|
0-0: Called Strike 0-1: Ball 1-1: Foul Ball, location: 2F 1-2: Fly out, F8 (Flyball, 8RS)
|
Batting: RHB Arturo Jiménez
|
0-0: Ball 1-0: Ball 2-0: Ball 3-0: Swinging Strike 3-1: TRIPLE (Flyball, 9LD)
|
Batting: RHB Charlie O'Farrell
|
0-0: Called Strike 0-1: Ball 1-1: Swinging Strike 1-2: Ball 2-2: Ball 3-2: Foul Ball, location: 2F 3-2: Foul Ball, location: 2F 3-2: Foul Ball, location: 2F 3-2: Foul Ball, location: 2F 3-2: Base on Balls
|
Batting: SHB Alan Garland
|
0-0: Ball 1-0: Foul Ball, location: 2F 1-1: Foul Ball, location: 2F 1-2: Ball 2-2: Ball 3-2: Foul Ball, location: 2F 3-2: Fly out, F8 (Line Drive, 8LM) Runner from 3rd tags up, SCORES, throw made
|
Batting: SHB Cristián López
|
0-0: Ball 1-0: Called Strike 1-1: Fly out, F7 (Flyball, 7)
|
Top of the 9th over - 1 run(s), 1 hit(s), 0 error(s), 1 left on base; Detroit 9 - Athens 0 |
BOTTOM OF THE 9TH |
Athens Assassins batting - Pitching for Detroit Dirty Snow : RHP Fernando Barrón
|
Batting: RHB Alexander Barr
|
0-0: Ball 1-0: Called Strike 1-1: Fly out, F8 (Flyball, 89S)
|
Batting: RHB Roderick Silva
|
0-0: Called Strike 0-1: Swinging Strike 0-2: Strikes out looking
|
Batting: RHB Foster Hapgood
|
0-0: Called Strike 0-1: Ground out 6-3 (Groundball, 6)
|
Bottom of the 9th over - 0 run(s), 0 hit(s), 0 error(s), 0 left on base; Detroit 9 - Athens 0 |
|